 Dungeon Crawl Stone Soup version 0.16-a0-1132-gad589c6 (webtiles) character file.

170 RobertPalmer the Ducker (level 5, -5/36 HPs)
             Began as an Octopode Monk on Oct 7, 2014.
             Slain by an orc priest
             ... wielding a +0 flail
              (7 damage)
             ... on level 3 of the Dungeon.
             The game lasted 00:06:25 (2806 turns).

RobertPalmer the Ducker (Octopode Monk)             Turns: 2806, Time: 00:06:25

Health: -5/36      AC:  1    Str: 11    XL:     5   Next: 50%
Magic:  7/7        EV: 14    Int: 13    God:
Gold:   99         SH:  0    Dex: 14    Spells: 0 memorised, 4 levels left

rFire  . . .     SeeInvis .     a - +0 dagger (chaos)
rCold  . . .     Clarity  .     (no shield)
rNeg   . . .     SustAb   .     (helmet restricted)
rPois  .         Gourm    .     (no amulet)
rElec  .         Spirit   .     (no ring)
rCorr  .         Warding  .     (no ring)
rMut   .         Stasis   .     (no ring)
MR     .....                    (no ring)
Stlth  +++.......               (no ring)
                                (no ring)
                                (no ring)
                                (no ring)

@: very slightly contaminated, not resistant to hostile enchantments, fairly
stealthy
A: almost no armour, amphibious, 8 rings, constrict 8, camouflage 1, gelatinous
body 1
a: no special abilities


You were on level 3 of the Dungeon.
You were hungry.

You visited 1 branch of the dungeon, and saw 3 of its levels.

You collected 99 gold pieces.


Innate Abilities, Weirdness & Mutations

You cannot wear most types of armour.
You are amphibious.
You can wear up to eight rings at the same time.
You can use your tentacles to constrict many enemies at once.
Your skin changes colour to match your surroundings (Stealth).
Your rubbery body absorbs attacks (AC +1).


   Skills:
 - Level 3.0 Fighting
 - Level 5.1 Dodging
 - Level 2.6 Stealth
 - Level 4.0 Unarmed Combat
 + Level 3.4 Evocations


You had 4 spell levels left.
You didn't know any spells.

Inventory:

Hand weapons
 a - a +0 dagger of chaos (weapon)
 k - a +0 war axe
Missiles
 j - 8 poisoned javelins (quivered)
Comestibles
 c - 2 meat rations
 i - 3 bread rations
Scrolls
 g - 2 scrolls of fog
Jewellery
 d - an uncursed ring of magical power {unknown}
 e - an uncursed ring of ice
 f - an uncursed ring of fire {unknown}
Rods
 b - a -1 rod of shadows (1/9)
   (You found it on level 3 of the Dungeon)

Dungeon Overview and Level Annotations

Branches:
Dungeon (3/15)

Altars:
Fedhas
Makhleb
Qazlal
Xom

.........#............##.........
.........#...(........##.........
.........#............##.......##
......######.....%%............#.
..##'##♣≈≈##................####.
####P≈♣# ♣≈'.$...####.....#.# #.
..#≈♣♣≈♣#♣≈#.....# #.....#...
..#P #♣≈♣≈♣##....# #.....##....
..#♣#♣≈$≈♣#♣#...@####.....# .....
..##♣≈♣≈♣# ≈#...o.........# ..$.
(..#≈♣#♣≈♣♣≈#..##K..%.....# . .
...'P♣ #♣≈P######.........# .
...#♣≈P♣##'###............# .
...######....#.....##.....####..
......###....#.....#............#
.......##....#.....#............
.......##....#.....#..........!.


You could see an orc priest and a friendly kobold.


Message History

You are very lightly contaminated with residual magic.
Drink which item? (? for menu, Esc to quit)
You feel better.
It was a potion of curing.
You see here a glowing mace.
Read which item? (? for menu, Esc to quit)
Okay, then.
You aren't carrying any items that can be evoked without being wielded.
Unknown command.
b - a -1 rod of shadows (5/9) (weapon)
Wisps of shadow whirl around you... The orc priest barely misses you.
The rod doesn't have enough magic points.
The rod doesn't have enough magic points.
The orc priest closely misses you. The orc priest closely misses you.
The orc priest barely misses you. The orc priest completely misses you.
The orc priest is no longer berserk.
The orc priest hits you with a flail!
* * * LOW HITPOINT WARNING * * *
Unknown command.
Your kobold hits the orc priest with a club.
Evoke which item? (* to show all) (? for menu, Esc to quit)
Okay, then.
You aren't carrying any potions.
Read which item? (? for menu, Esc to quit)
Okay, then.
It is briefly surrounded by a scintillating aura of random colours.
a - a +0 dagger of chaos (weapon)
The orc priest hits you with a flail!
You die...

Action                   |  1- 3 |  4- 6 || total
-------------------------+-------+-------++-------
Melee: Unarmed           |    85 |    63 ||   148
       Dagger            |       |    21 ||    21
Evoke: Rod               |       |     3 ||     3
  Use: Scroll            |     3 |     3 ||     6
       Potion            |       |     1 ||     1
 Stab: Sleeping          |    10 |     5 ||    15
       Distracted        |     1 |       ||     1
  Eat: Chunk             |     2 |     4 ||     6

Vault maps used:
D:1:      roderic_chinese_lattice_arrival
D:2:      grunt_temple_overflow_forces_of_nature, serial_curves, eino_curves_02,
          eino_curves_03
D:3:      grunt_temple_overflow_champion_of_chaos, saegor_snake_ambush

Notes
Turn   | Place    | Note
--------------------------------------------------------------
     0 | D:1      | RobertPalmer, the Octopode Monk, began the quest for the Orb.
     0 | D:1      | Reached XP level 1. HP: 16/16 MP: 1/1
   213 | D:1      | Reached XP level 2. HP: 21/21 MP: 2/2
   743 | D:1      | Reached skill level 4 in Dodging
  1031 | D:1      | Reached XP level 3. HP: 26/26 MP: 3/3
  1321 | D:2      | Found a stormy altar of Qazlal.
  1322 | D:2      | Found a blossoming altar of Fedhas.
  1528 | D:2      | Reached XP level 4. HP: 22/31 MP: 4/4
  1658 | D:2      | Reached skill level 5 in Dodging
  1960 | D:3      | Noticed an orc warrior
  2055 | D:3      | Identified a -1 rod of shadows (9/9) (You found it on level 3 of the Dungeon)
  2126 | D:3      | Reached skill level 1 in Evocations
  2269 | D:3      | Found a shimmering altar of Xom.
  2270 | D:3      | Found a burning altar of Makhleb.
  2289 | D:3      | Reached skill level 2 in Evocations
  2289 | D:3      | Reached XP level 5. HP: 15/36 MP: 7/7
  2605 | D:3      | Reached skill level 3 in Evocations
  2783 | D:3      | HP: 2/36 [orc priest/flail (6)]
  2802 | D:3      | HP: 2/36 [orc priest/flail (8)]
  2806 | D:3      | Slain by an orc priest

Vanquished Creatures
  A crimson imp (D:3)
  5 adders
  2 worms
  A giant gecko (D:3)
  2 orcs (D:3)
  7 ball pythons
  8 bats
  2 giant cockroaches (D:2)
  9 hobgoblins
  3 jackals (D:2)
  5 kobolds
  6 giant newts
  11 goblins
  10 rats
72 creatures vanquished.

Vanquished Creatures (collateral kills)
  An orc wizard (D:3)
1 creature vanquished.

Vanquished Creatures (others)
  A worm (D:3)
  A plant (D:3)
2 creatures vanquished.

Grand Total: 75 creatures vanquished
